 Dungeon Crawl Stone Soup version 0.25-a0-528-g6b7c99946c (webtiles) character file.

Game seed: 17258322271144523353, levelgen mode: deterministic

12792 kae the Basher (level 11, -25/92 HPs)
             Began as a Demonspawn Fighter on Feb 19, 2020.
             Was a Follower of Qazlal.
             Annihilated by a frost giant
             ... wielding the +8 frozen axe "Frostbite" {freezing cloud, *Noise +Fly rC+}
              (31 damage)
             ... on level 10 of the Dungeon.
             The game lasted 00:12:30 (10596 turns).

kae the Basher (Demonspawn Fighter)                Turns: 10596, Time: 00:12:30

Health: -25/92     AC: 15    Str: 23    XL:     11   Next: 67%
Magic:  0/35       EV:  8    Int: 12    God:    Qazlal [*.....]
Gold:   3824       SH: 11    Dex: 11    Spells: 10/10 levels left

rFire    + + .     SeeInvis .   q - +9 mace "Worm" {freeze, MP+9}
rCold    + . .     Gourm    .   c - +0 kite shield
rNeg     . . .     Faith    .   a - +5 ring mail of Negligence {rF+ Str+3 Int+3 Stlth-}
rPois    +         Spirit   +   m - +0 helmet
rElec    .         Reflect  .   A - scarf {rC+ rF+}
rCorr    .         Harm     .   (no gloves)
MR       .....                  (no boots)
Stlth    ..........             r - amulet of the acrobat
HPRegen  0.25/turn              l - ring of magical power
MPRegen  0.48/turn              x - ring of poison resistance

@: studying Ice Magic
A: claws 1, yellow scales 2, clumsy 1, shaggy fur 1, spiny 2, magic shield,
magic regeneration
a: Renounce Religion


You were on level 10 of the Dungeon.
You worshipped Qazlal.
Qazlal was aware of your devotion.
You were near starving.

You visited 2 branches of the dungeon, and saw 11 of its levels.

You collected 3992 gold pieces.
You spent 168 gold pieces at shops.

Inventory:

Hand Weapons
 q - the +9 mace "Worm" (weapon) {freeze, MP+9}
   (You bought it in a shop on level 5 of the Dungeon)

   It has been specially enchanted to freeze those struck by it, causing extra
   injury to most foes and up to half again as much damage against particularly
   susceptible opponents.
   It can also slow down cold-blooded creatures.
   It affects your magic capacity (+9).
Armour
 a - the +5 ring mail of Negligence (worn) {rF+ Str+3 Int+3 Stlth-}
   (You found it on level 10 of the Dungeon)

   It affects your strength (+3).
   It affects your intelligence (+3).
   It protects you from fire.
   It makes you less stealthy.
   If you remove this armour, your AC will decrease by 10 (15 -> 5).
 b - a +0 scale mail
 c - a +0 kite shield (worn)
 m - a +0 helmet (worn)
 A - a scarf of resistance (worn)
Jewellery
 l - a ring of magical power (left claw)
 r - an amulet of the acrobat (around neck)
 x - a ring of poison resistance (right claw)
Wands
 u - a wand of random effects (42)
 y - a wand of clouds (3)
 C - a wand of paralysis (5)
 E - a wand of flame (33)
Scrolls
 g - 7 scrolls of remove curse
 h - 2 scrolls of identify
 i - 4 scrolls of enchant weapon
 j - 2 scrolls of fear
 k - 3 scrolls of enchant armour
 o - 4 scrolls of magic mapping
 p - a scroll of noise
 v - a scroll of blinking
 w - a scroll of teleportation
 B - 2 scrolls of fog
Potions
 d - 4 potions of haste
 e - a potion of invisibility
 n - a potion of resistance {unknown}
 s - 5 potions of curing
 t - a potion of mutation
 z - a potion of might
 F - a potion of ambrosia {unknown}
Books
 G - a manual of Ice Magic
Comestibles
 f - 19 rations


   Skills:
 + Level 10.5 Fighting
 * Level 12.9 Maces & Flails
 - Level 2.6 Armour
 - Level 2.6 Shields
 * Level 9.2 Invocations


You had 10 spell levels left.
You didn't know any spells.
Your spell library contained the following spells:

 Spells                   Type           Power        Failure   Level  Hunger
 Foxfire                  Conj/Fire      #...         95%         1    ##.....
 Freeze                   Ice            #...         95%         1    ##.....
 Magic Dart               Conj           #...         95%         1    ##.....
 Blink                    Tloc           N/A          98%         2    ###....
 Call Imp                 Summ           #.......     98%         2    ###....
 Slow                     Hex            #.......     98%         2    ###....
 Confusing Touch          Hex            #.......     100%        3    ####...
 Conjure Flame            Conj/Fire      #.......     100%        3    ####...
 Frozen Ramparts          Ice            #.....       100%        3    ####...
 Gell's Gravitas          Tloc           #.........   100%        3    ####...
 Inner Flame              Hex/Fire       #.......     100%        3    ####...
 Mephitic Cloud           Conj/Pois/Air  #.......     100%        3    ####...
 Ozocubu's Armour         Chrm/Ice       #.......     100%        3    ####...
 Hailstorm                Conj/Ice       #.......     100%        4    #####..
 Ice Form                 Ice/Tmut       #.......     100%        4    #####..
 Petrify                  Tmut/Erth      #.......     100%        4    #####..
 Sticky Flame             Conj/Fire      #.......     100%        4    #####..
 Summon Ice Beast         Ice/Summ       #.......     100%        4    #####..
 Fireball                 Conj/Fire      #.........   100%        5    ######.
 Metabolic Englaciation   Hex/Ice        #.........   100%        5    ######.
 Yara's Violent Unravell  Hex/Tmut       #.........   100%        5    ######.
 Freezing Cloud           Conj/Ice/Air   #.........   100%        6    #######
 Ozocubu's Refrigeration  Ice            #.........   100%        6    #######
 Simulacrum               Ice/Necr       #.........   100%        6    #######


Dungeon Overview and Level Annotations

Branches:
Dungeon (10/15)            Temple (1/1) D:5            Lair (0/6) D:10
    Orc: D:9-12

Altars:
Ashenzari
Cheibriados
Dithmenos
Elyvilon
Fedhas
Gozag
Hepliaklqana
Kikubaaqudgha
Makhleb
Nemelex Xobeh
Okawaru
Qazlal
Ru
Sif Muna
Trog
Uskayaw
Vehumet
Wu Jian
Xom
Yredelemnul
Zin
The Shining One

Shops:
D:5 (

Annotations:
D:3 Grinder
D:4 2 runed translucent doors, Stick's ghost, weakling GnWn


Innate Abilities, Weirdness & Mutations

You are mostly covered in yellow scales. (AC +3)
You are mostly covered in sharp spines.
When hurt, damage is shared between your health and your magic reserves.
You regenerate magic rapidly.
You have sharp fingernails.
You are clumsy. (Dex -2)
You are covered in fur. (AC +1)


Message History

The frost giant casts a spell at you. The bolt of cold hits you! You resist.
* * * LOW HITPOINT WARNING * * *
You feel much better. The frost giant casts a spell at you.
The bolt of cold hits you! You resist.
* * * LOW HITPOINT WARNING * * *
A worker ant comes into view.
You hit the frost giant.
The frost giant is almost dead.
The frost giant casts a spell at you. The bolt of cold hits you! You resist.
* * * LOW HITPOINT WARNING * * *
You hear a sizzling sound!
You hit the frost giant.
The frost giant is almost dead.
You hit the frost giant but do no damage.
The frost giant is almost dead.
The frost giant hits you with the +8 frozen axe "Frostbite" {freezing cloud, *Noise +Fly rC+}!!
You die...

......≈.≈...#
#..#########.....
.######.......
#...# .... .###
###...######.##
...# ...# ##...##
...# ### ##.....##
...# ##.....).##
...# ##..##.##..#
######
##..#.....#..#
.....#
###...#@#.#.#...#
...♣.#
#.....C.|⌠........
.....###
..#...#a#)#.#...#..
.....'.#
##..#.....#..####
.....#... ##
.##.##..## ...♣.#
#. ... .## .[(..#
## .... # ######
...## .##


You could see a frost giant and a worker ant.

Vanquished Creatures
  Gastronok (D:10)
  Urug (D:10)
  Nergalle (D:10)
  2 centaur zombies (D:10)
  A redback zombie (D:10)
  2 rime drakes (D:10)
  A queen bee (D:8)
  A hornet (D:8)
  3 hippogriffs
  Sigmund (D:2)
  A wraith (D:10)
  2 wyverns
  Eustachio (D:5)
  11 yaks
  2 hungry ghosts (D:10)
  Menkaure (D:5)
  A soldier ant (D:10)
  Edmund (D:6)
  3 ice beasts
  A sky beast (D:9)
  An orc warrior (D:9)
  2 black bears
  11 ogres
  A necrophage (D:6)
  A phantom (D:4)
  7 centaurs
  A big kobold (D:10)
  A gnoll sergeant (D:5)
  3 bullfrogs
  3 scorpions
  13 killer bees (D:8)
  9 electric eels (D:10)
  3 howler monkeys
  7 crimson imps
  A bullfrog zombie (D:9)
  2 quasits
  A jelly (D:9)
  5 hounds
  A centaur skeleton (D:5)
  3 orc priests
  3 orc wizards
  2 bullfrog skeletons
  Jessica (D:2)
  4 iguanas
  3 worker ants
  A howler monkey zombie (D:4)
  A worker ant zombie (D:5)
  Robin (D:2)
  9 gnolls
  11 adders
  A shadow imp (D:10)
  An adder zombie (D:5)
  2 adder skeletons
  2 worms (D:4)
  7 leopard geckos
  23 orcs
  2 ball pythons (D:4)
  2 bats (D:1)
  2 giant cockroaches
  19 goblins
  10 hobgoblins
  4 jackals
  6 quokkas
  8 frilled lizards
  8 kobolds
  A leopard gecko skeleton (D:6)
  2 quokka skeletons (D:6)
  A quokka zombie (D:8)
  11 rats
262 creatures vanquished.

Vanquished Creatures (others)
  A bush (D:10)
1 creature vanquished.

Grand Total: 263 creatures vanquished

Notes
Turn   | Place    | Note
-------+----------+-------------------------------------------
     0 | D:1      | kae the Demonspawn Fighter began the quest for the Orb.
     0 | D:1      | Reached XP level 1. HP: 18/18 MP: 1/1
     4 | D:1      | Noticed an electric eel
    21 | D:1      | Reached skill level 2 in Maces & Flails
   231 | D:1      | Gained mutation: You are partially covered in yellow
                  | scales. (AC +2) [demonic ancestry]
   231 | D:1      | Reached XP level 2. HP: 24/24 MP: 2/2
  1165 | D:1      | Gained mutation: When hurt, damage is shared between your
                  | health and your magic reserves. [demonic ancestry]
  1165 | D:1      | Reached XP level 3. HP: 29/29 MP: 3/3
  1371 | D:2      | Reached skill level 3 in Maces & Flails
  1548 | D:2      | Identified the +0 helmet of the Vaults {Regen+ Slay-4
                  | Stlth+}
  1548 | D:2      | Noticed Robin
  1574 | D:2      | Reached XP level 4. HP: 14/37 MP: 2/4
  1583 | D:2      | Killed Robin
  1968 | D:2      | Noticed Jessica
  1976 | D:2      | Killed Jessica
  2428 | D:3      | Reached skill level 4 in Maces & Flails
  2428 | D:3      | Reached XP level 5. HP: 31/42 MP: 5/5
  2656 | D:3      | Found a hazy altar of Hepliaklqana.
  3064 | D:3      | Noticed Grinder
  3078 | D:3      | Paralysed by Grinder for 5 turns
  3092 | D:3      | Paralysed by Grinder for 4 turns
  3360 | D:2      | Noticed Sigmund
  3379 | D:2      | Killed Sigmund
  3379 | D:2      | Reached skill level 5 in Maces & Flails
  3379 | D:2      | Gained mutation: You are partially covered in sharp spines.
                  | [demonic ancestry]
  3379 | D:2      | Reached XP level 6. HP: 50/50 MP: 6/6
  3561 | D:4      | Found a bloodstained altar of Trog.
  3646 | D:4      | Reached skill level 5 in Fighting
  3646 | D:4      | Reached XP level 7. HP: 49/56 MP: 7/7
  3677 | D:4      | Gained mutation: You are clumsy. (Dex -2) [potion of
                  | mutation]
  3677 | D:4      | Gained mutation: You are covered in fur. (AC +1) [potion of
                  | mutation]
  3677 | D:4      | Gained mutation: You have sharp fingernails. [potion of
                  | mutation]
  3889 | D:4      | Reached skill level 6 in Maces & Flails
  4267 | D:4      | Found a large runed translucent door.
  4268 | D:4      | Found a large runed translucent door.
  4393 | D:4      | Noticed Stick's ghost (weakling GnWn)
  4670 | D:5      | Entered Level 5 of the Dungeon
  4670 | D:5      | Found a staircase to the Ecumenical Temple.
  4680 | Temple   | Entered the Ecumenical Temple
  5090 | D:5      | Noticed Eustachio
  5113 | D:5      | Killed Eustachio
  5113 | D:5      | Reached skill level 7 in Maces & Flails
  5113 | D:5      | Gained mutation: You are mostly covered in sharp spines.
                  | [demonic ancestry]
  5113 | D:5      | Reached XP level 8. HP: 61/64 MP: 8/8
  5129 | D:5      | Found Marec's Antique Weapon Shop.
  5129 | D:5      | Noticed Menkaure
  5450 | D:5      | Killed Menkaure
  5450 | D:5      | Reached skill level 8 in Maces & Flails
  5685 | D:5      | Bought a shimmering mace for 168 gold pieces
  5686 | D:5      | Identified the +9 mace "Worm" {freeze, MP+9} (You bought it
                  | in a shop on level 5 of the Dungeon)
  5941 | D:6      | Found a radiant altar of Vehumet.
  6219 | D:6      | Noticed Edmund
  6225 | D:6      | Killed Edmund
  6225 | D:6      | Reached skill level 9 in Maces & Flails
  6241 | D:6      | Gained mutation: You regenerate magic rapidly. [demonic
                  | ancestry]
  6241 | D:6      | Reached XP level 9. HP: 72/72 MP: 9/9
  6817 | D:7      | Found an ornate altar of the Wu Jian Council.
  7034 | D:8      | Reached skill level 10 in Maces & Flails
  7112 | D:8      | Noticed a queen bee
  7121 | D:8      | Killed a queen bee
  7139 | D:8      | Gained mutation: You are mostly covered in yellow scales.
                  | (AC +3) [demonic ancestry]
  7139 | D:8      | Reached XP level 10. HP: 35/82 MP: 10/10
  7420 | D:8      | Found an ancient bone altar of Kikubaaqudgha.
  7420 | D:8      | Found a blossoming altar of Fedhas.
  7496 | D:8      | Reached skill level 11 in Maces & Flails
  7985 | D:8      | Found a glowing golden altar of the Shining One.
  7985 | D:8      | Found a shattered altar of Ashenzari.
  7986 | D:8      | Found a stormy altar of Qazlal.
  7993 | D:8      | Became a worshipper of Qazlal Stormbringer
  8130 | D:9      | Reached skill level 1 in Invocations
  8250 | D:9      | Found a burning altar of Makhleb.
  8410 | D:9      | Reached skill level 5 in Invocations
  8450 | D:9      | Reached skill level 12 in Maces & Flails
  8822 | D:9      | Identified a scroll of acquirement
  8822 | D:9      | Identified the amulet "Dyxiuv" {Harm *Drain rF+ Dex+3} (You
                  | acquired it on level 9 of the Dungeon)
  8822 | D:9      | Identified the +0 chain mail of Qazlal's Hatred {Str+2}
                  | (You acquired it on level 9 of the Dungeon)
  8878 | D:10     | Entered Level 10 of the Dungeon
  9219 | D:10     | Got a transparent ring mail
  9225 | D:10     | Identified the +5 ring mail of Negligence {rF+ Str+3 Int+3
                  | Stlth-} (You found it on level 10 of the Dungeon)
  9313 | D:10     | Noticed Urug
  9322 | D:10     | Reached XP level 11. HP: 89/90 MP: 15/15
  9322 | D:10     | Reached * piety under Qazlal
  9337 | D:10     | Killed Urug
  9337 | D:10     | Reached skill level 10 in Fighting
  9634 | D:10     | Found a staircase to the Lair.
  9780 | D:10     | Noticed Nergalle
  9796 | D:10     | Killed Nergalle
 10082 | D:10     | Noticed Gastronok
 10100 | D:10     | Killed Gastronok
 10573 | D:10     | Noticed a frost giant
 10596 | D:10     | Annihilated by a frost giant

Levels and vault maps discovered:
D:1:      arrival_aquarium_a, layout_basic, corexii_corridor_pit,
          amethyst_killhole, minmay_small_reverse_x
D:2:      layout_loops_ring, first_ration, serial_glass, glass_columns_a,
          glass_columns_b, uniq_sigmund, uniq_robin, uniq_jessica
D:3:      minmay_skewed_foursquare, layout_loops_ring, lemuel_crystal_altar,
          uniq_grinder
D:4:      layout_basic, lemuel_round_altar, ebering_ghost_disaster_area
D:5:      layout_basic, minmay_temple_entry_mist, kennysheep_windowed_goal,
          uniq_eustachio, uniq_menkaure
D:6:      layout_loops_ring, kennysheep_little_box, grunt_decor_mini_mirrors,
          uniq_edmund
D:7:      layout_cave_pools, kennysheep_mini
D:8:      layout_rooms, grunt_temple_overflow_growth_and_decay,
          gammafunk_temple_overflow_claw, david_nohive_1
D:9:      layout_roguey, lightli_temple_of_fire
D:10:     minmay_coctagon, layout_basic, lair_entry_dummy, serial_shops,
          nicolae_shop_competitors_out_of_business, kb_lookout_dungeons_type,
          kennysheep_small_square, uniq_urug, uniq_nergalle, uniq_gastronok
Temple:   nicolae_temple_x_marks_the_god

Skill      XL: |  1  2  3  4  5  6  7  8  9 10 11 |
---------------+----------------------------------+-----
Maces & Flails | 2 3 4 5 7 9 10 12 | 12.9
Fighting       | 4 5 6 7 8 9 10 | 10.5
Invocations    | 6 9 |  9.2
Armour         | |  2.6
Shields        | |  2.6

Action                   |  1- 3 |  4- 6 |  7- 9 | 10-12 || total
-------------------------+-------+-------+-------+-------++-------
Melee: Flail             |   138 |   189 |   131 |       ||   458
       Mace              |       |       |   122 |   284 ||   406
  Use: Potion            |     1 |     7 |     3 |     1 ||    12
       Scroll            |       |    10 |     5 |     5 ||    20
  Eat: Chunk             |     2 |     7 |    11 |     8 ||    28
       Ration            |       |       |       |     1 ||     1
Armor: Scale mail        |    73 |    86 |   100 |    35 ||   294
       Ring mail         |       |       |       |    31 ||    31
Dodge: Dodged            |    50 |    34 |   105 |    78 ||   267
Block: Kite shield       |    97 |    83 |   111 |    95 ||   386

Table legend:
 A = Non-vault XP
 B = Vault XP
 C = Vault XP percentage of total XP
 D = Non-vault monster count
 E = Vault monster count
 F = Vault count percentage of total count
                 A         B        C        D         E       F
            +---------+---------+-------+---------+---------+-------
      Total |   11191 |    7084 |  38.8 |     210 |      52 |  19.8
            +---------+---------+-------+---------+---------+-------
        D:1 |      35 |       6 |  14.6 |      21 |       4 |  16.0
        D:2 |      59 |     294 |  83.3 |      16 |      14 |  46.7
        D:3 |     152 |      36 |  19.1 |      21 |       6 |  22.2
        D:4 |     536 |       0 |   0.0 |      18 |       0 |   0.0
        D:5 |     432 |     593 |  57.9 |      19 |       5 |  20.8
        D:6 |     505 |     164 |  24.5 |      12 |       1 |   7.7
        D:7 |    1129 |       0 |   0.0 |      19 |       0 |   0.0
        D:8 |    2111 |    1119 |  34.6 |      25 |      14 |  35.9
        D:9 |    3059 |       0 |   0.0 |      29 |       0 |   0.0
       D:10 |    3129 |    4872 |  60.9 |      28 |       8 |  22.2
     Temple |      44 |       0 |   0.0 |       2 |       0 |   0.0
            +---------+---------+-------+---------+---------+-------
